 Dungeon Crawl Stone Soup version 0.27-a0-1147-gb3d8e82157 (webtiles) character file.

Game seed: 13938550765967998563

21 experimilk the Skirmisher (level 2, 0/19 HPs)
             Began as a Gargoyle Monk on May 12, 2021.
             Slain by a jackal (1 damage)
             ... on level 2 of the Dungeon.
             The game lasted 00:03:09 (1308 turns).

experimilk the Skirmisher (Gargoyle Monk)           Turns: 1308, Time: 00:03:10

Health: 0/19       AC:  4    Str: 14    XL:     2   Next: 87%
Magic:  2/2        EV: 12    Int: 10    God:
Gold:   66         SH:  0    Dex: 12    Spells: 1/1 levels left

rFire    . . .     SeeInvis .   a - +0 mace
rCold    . . .     Faith    .   (no shield)
rNeg     + . .     Spirit   .   b - +0 robe
rPois    ∞         Reflect  .   (no helmet)
rElec    +         Harm     .   (no cloak)
rCorr    .         Rampage  .   (no gloves)
Will     .....                  (no boots)
Stlth    ++........             (no amulet)
HPRegen  0.06/turn              (no ring)
MPRegen  0.08/turn              (no ring)

@: no status effects
A: sickness immunity, AC +2, negative energy resistance 1, electricity
resistance, torment resistance 1, petrification resistance
a: no special abilities


You were on level 2 of the Dungeon.
You visited 1 branch of the dungeon, and saw 2 of its levels.

You collected 66 gold pieces.

Inventory:

Hand Weapons
 a - a +0 mace (weapon)
Missiles
 d - 23 stones (quivered)
Armour
 b - a +0 robe (worn)
Jewellery
 c - an amulet of guardian spirit
Scrolls
 e - a scroll of magic mapping {unknown}
 f - a scroll of teleportation {unknown}
 g - a scroll of identify {unknown}


   Skills:
 + Level 3.5 Fighting
 * Level 3.5 Maces & Flails
 + Level 2.6 Dodging
 - Level 2.1 Stealth


You had one spell level left.
You didn't know any spells.
Your spell library contained the following spells:

 Spells                   Type           Power      Damage    Failure   Level
 Animate Skeleton         Necr           0%         N/A       36%         1
 Apportation              Tloc           0%         N/A       36%         1
 Corona                   Hex            0%         N/A       36%         1
 Summon Small Mammal      Summ           0%         N/A       36%         1


Dungeon Overview and Level Annotations

Branches:
Dungeon (2/15)

Altars:


Innate Abilities, Weirdness & Mutations

You are immune to sickness and miasma.
Your stone body is resilient. (AC +2)
You are immune to poison.
You resist negative energy. (rN+)
You are resistant to electric shocks. (rElec)
You are resistant to unholy torment.
You are immune to petrification.


Message History

The worm is heavily wounded.
The worm bites you.
You hit the worm but do no damage.
The worm is heavily wounded.
The worm barely misses you.
You hit the worm.
The worm is heavily wounded.
You hit the worm but do no damage.
The worm is heavily wounded.
The worm closely misses you.
You hit the worm.
The worm is almost dead.
The worm bites you!
* * * LOW HITPOINT WARNING * * *
You hit the worm.
You kill the worm!
You stumble into a teleport trap!
You are suddenly yanked towards some nearby monsters!
Your surroundings suddenly seem different.
Found 5 gold pieces.
Found a faded altar of an unknown god. 2 jackals come into view.
There are monsters nearby!
You open the door.
A giant cockroach comes into view.
A rat comes into view.
Found an amethyst potion.
There is an open door here.
The jackal barks!
You aren't carrying any potions.
You see here an amethyst potion.
The helpless rat fails to defend itself.
You hit the rat.
You kill the rat!
The giant cockroach misses you.
You barely miss the giant cockroach. The giant cockroach closely misses you.
You closely miss the giant cockroach. The giant cockroach bites you.
* * * LOW HITPOINT WARNING * * *
The giant cockroach barely misses you.
You closely miss the giant cockroach. The jackal bites you.
You die...

####### # #.....# +
#.....# # #.....#
######.....#####
#....#.........#
#..†.#...8.⌠.8.# #
#..h@#.........# #
#..hB#...⌠.h.⌠.# #
###....#..........
...
........'...8.h.8..
..#
.###....#.....$....
..#
#....#......##..
..# #....#.######
.. ..# ......#.# ..
.....###.#


You could see 2 jackals and a giant cockroach.

Vanquished Creatures
  A worm (D:2)
  A dart slug (D:1)
  A bat (D:1)
  3 endoplasms (D:1)
  A goblin (D:1)
  2 hobgoblins (D:1)
  A ball python (D:2)
  3 frilled lizards
  A kobold (D:1)
  3 rats
17 creatures vanquished.

Notes
Turn   | Place    | Note
-------+----------+-------------------------------------------
     0 | D:1      | experimilk the Gargoyle Monk began the quest for the Orb.
     0 | D:1      | Reached XP level 1. HP: 14/14 MP: 1/1
   294 | D:1      | Reached XP level 2. HP: 19/19 MP: 2/2
  1177 | D:2      | Noticed a scorpion
  1296 | D:2      | Found a faded altar of an unknown god.
  1308 | D:2      | Slain by a jackal

Illustrated notes

Levels and vault maps discovered:
D:1:      wander_arrival_abandoned_jail, layout_rooms, kennysheep_boxes
D:2:      layout_basic, basic_altar, hellmonk_ecumenical_altar_dog_temple,
          kennysheep_generic_room_12

Action                   || total
-------------------------++-------
Melee: Mace              ||    52
Throw: Stone             ||    22
 Stab: Sleeping          ||     4
Armor: Robe              ||    12
Dodge: Dodged            ||    33

Table legend: (Time is in decaauts)
 A = Elapsed time spent in this place.
 B = Non-inter-level travel time spent in this place.
 C = Inter-level travel time spent in this place.
 D = Time resting spent in this place.
 E = Time spent auto-exploring this place.
 F = Levels seen in this place.
 G = Mean time per level.
                   A        B        C        D        E       F      G
               +--------+--------+--------+--------+--------+-----+--------+
         Total |   1353 |   1273 |     80 |    422 |    563 |   2 |  676.5 |
       Dungeon |   1353 |   1273 |     80 |    422 |    563 |   2 |  676.5 |
               +--------+--------+--------+--------+--------+-----+--------+

Top non-repeatable levels by time:
     D:1: 1109 daAuts
     D:2: 244 daAuts
